 Dungeon Crawl Stone Soup version 0.22-b1-21-g5cfc1688f2 (webtiles) character file.

4643 Oravi the Cleaver (level 10, 0/77 HPs)
             Began as a Hill Orc Fighter on Aug 7, 2018.
             Was an Elder of Beogh.
             Killed by vampiric draining
             ... invoked by a vampire
              (3 damage)
             ... on level 10 of the Dungeon.
             The game lasted 00:28:53 (8912 turns).

Oravi the Cleaver (Hill Orc Fighter)                Turns: 8912, Time: 00:28:54

Health: 0/77       AC: 12    Str: 20    XL:     10   Next: 43%
Magic:  1/10       EV:  8    Int: 11    God:    Beogh [****..]
Gold:   581        SH:  0    Dex: 10    Spells: 9/9 levels left

rFire    . . .     SeeInvis +   D - +8 frozen axe "Frostbite" {freezing cloud, *Noise +Fly rC+}
rCold    + . .     Gourm    .   (shield currently unavailable)
rNeg     . . .     Faith    .   y - +0 chain mail
rPois    .         Spirit   .   (no helmet)
rElec    .         Reflect  .   P - +0 cloak
rCorr    +         Harm     .   (no gloves)
MR       .....                  (no boots)
Stlth    ..........             (no amulet)
HPRegen  0.22/turn              R - ring of resist corrosion
MPRegen  0.12/turn              L - ring of see invisible

@: no status effects
A: no striking features
a: Smiting, Recall Orcish Followers, Renounce Religion, Evoke Flight


You were on level 10 of the Dungeon.
You worshipped Beogh.
Beogh was greatly pleased with you.
You were not hungry.

You visited 1 branch of the dungeon, and saw 10 of its levels.
You also visited: Sewer.

You collected 581 gold pieces.

Inventory:

Hand Weapons
 a - a +0 war axe
 D - the +8 frozen axe "Frostbite" (weapon) {freezing cloud, *Noise +Fly rC+}
   (You found it on level 6 of the Dungeon)

   It has been specially enchanted to freeze those struck by it, causing extra
   injury to most foes and up to half again as much damage against particularly
   susceptible opponents.
   It can also slow down cold-blooded creatures.
   It protects you from cold.
   It lets you fly.
   It may make noises in combat.
 E - a +1 hand axe of distortion
Missiles
 i - 304 stones (quivered)
 k - 6 needles of sleeping
 r - 35 poisoned needles
 K - 5 needles of frenzy
 M - 10 tomahawks
 N - 5 javelins
 O - 3 needles of paralysis
 T - a throwing net
Armour
 b - a +0 scale mail
 c - a +1 shield
 x - a +2 buckler
 y - a +0 chain mail (worn)
 A - the +1 ring mail of Infinity {Dex+4 Stlth+}
   (You found it on level 4 of the Dungeon)

   It affects your dexterity (+4).
   It makes you more stealthy.
 P - a +0 cloak (worn)
Magical Staves
 s - an uncursed staff of wizardry {unknown}
Jewellery
 J - an uncursed ring of magical power
 L - a ring of see invisible (right hand)
 R - a ring of resist corrosion (left hand)
 S - an uncursed amulet of guardian spirit {unknown}
 V - an uncursed amulet of magic regeneration {unknown}
Wands
 o - a wand of enslavement (40)
 q - a wand of acid (9)
 F - a wand of polymorph (15)
 Q - a wand of flame (11)
Scrolls
 e - 4 scrolls of blinking {unknown}
 j - 7 scrolls of teleportation
 l - 5 scrolls of identify
 p - 3 scrolls of remove curse
 t - a scroll of fear
 v - 2 scrolls of magic mapping
 w - 2 scrolls of enchant armour
Potions
 d - 2 potions of might
 g - a potion of flight
 m - 2 potions of haste
 n - 4 potions of curing
 u - a potion of degeneration
 z - a potion of invisibility
 B - 3 potions of lignification
 C - 4 potions of agility
 G - a potion of cancellation
 H - a potion of ambrosia
 I - a potion of brilliance
Comestibles
 f - 11 rations
 U - a chunk of flesh


   Skills:
 - Level 3.6 Fighting
 * Level 12.8 Axes
 + Level 9.3 Armour
 + Level 9.3 Shields


You had 9 spell levels left.
You didn't know any spells.
Your spell library contained the following spells:

 Spells                   Type           Power        Failure   Level  Hunger
 Summon Small Mammal      Summ           #...         95%         1    ##.....
 Summon Ice Beast         Ice/Summ       #.......     100%        4    #####..
 Call Imp                 Summ           #.......     98%         2    ###....
 Stone Arrow              Conj/Erth      #.....       100%        3    ####...
 Passwall                 Tmut/Erth      #.......     98%         2    ###....
 Call Canine Familiar     Summ           #.......     100%        3    ####...
 Lee's Rapid Deconstruct  Erth           #.........   100%        5    ######.
 Sandblast                Erth           #.....       95%         1    ##.....
 Petrify                  Tmut/Erth      #.......     100%        4    #####..
 Summon Lightning Spire   Summ/Air       #.......     100%        4    #####..
 Summon Guardian Golem    Hex/Summ       #.......     100%        3    ####...


Dungeon Overview and Level Annotations

Branches:
Dungeon (10/15)            Temple (0/1) D:4
   Lair: D:8-11         Orc: D:9-12

Altars:
Ashenzari
Cheibriados
Dithmenos
Elyvilon
Nemelex Xobeh
Okawaru
Qazlal
Wu Jian
Zin
The Shining One

Shops:
D:5 ?   D:6 *


Message History

You slash the vampire! You freeze the vampire.
The vampire is heavily damaged.
The vampire barely misses you. The vampire bites you!
* * * LOW HITPOINT WARNING * * *
The vampire draws strength from your injuries!
You closely miss the vampire.
The vampire is heavily damaged.
The vampire misses you. The vampire bites you!
* * * LOW HITPOINT WARNING * * *
The vampire draws strength from your injuries!
The vampire hits you!
* * * LOW HITPOINT WARNING * * *
The vampire bites you.
* * * LOW HITPOINT WARNING * * *
The vampire draws strength from your injuries!
Okay, then.
You slash the vampire! You freeze the vampire.
The vampire is severely damaged.
The vampire is infused with unholy energy.
You die...

..... #......#....##...
.... #......#...<.#...
... #......#.....+... ..
#......#.....#... #.
###...##o..###..#
##.####...##'#####..#
#..).#....'..........
...#..†V'....#..........
...'..)@#....#..........
....##...##...#..........
... ##########....##....
.. #.########. # ### #


You could see a vampire (invisible).

Vanquished Creatures
  An ugly thing (D:10)
  Grinder (D:4)
  A hippogriff (D:10)
  A water moccasin (D:5)
  2 orc warriors
  A black bear (D:8)
  4 phantoms
  2 sky beasts (D:8)
  An ice beast (D:7)
  A necrophage (D:9)
  2 ogres (D:8)
  An eye of draining (D:9)
  3 centaurs
  2 big kobolds
  A bullfrog (D:7)
  4 scorpions
  8 jellies
  2 howler monkeys
  2 crimson imps
  A bullfrog zombie (D:8)
  2 centaur zombies
  3 hounds
  2 centaur skeletons
  3 orc priests
  3 bullfrog skeletons
  6 orc wizards
  3 iguanas
  3 worker ants
  A hound skeleton (D:6)
  9 adders
  2 river rats (Sewer)
  3 shadow imps
  6 oozes
  An adder skeleton (D:3)
  An adder zombie (D:5)
  2 worms
  2 dart slugs
  4 leopard geckos
  23 orcs
  6 giant cockroaches
  5 hobgoblins
  11 jackals
  25 kobolds
  4 ball pythons
  7 bats
  11 frilled lizards
  4 goblins
  A jackal skeleton (D:4)
  7 rats
201 creatures vanquished.

Vanquished Creatures (collateral kills)
  3 yaks (D:10)
  2 sky beasts (D:9)
  A big kobold (D:8)
  A howler monkey (D:10)
  An orc priest (D:9)
  An iguana (D:9)
  4 orcs
  2 jackals
  2 kobolds (D:8)
17 creatures vanquished.

Vanquished Creatures (others)
  3 orc priests
  An adder (Sewer)
  8 orcs
  A quokka (D:6)
  A frilled lizard (D:3)
14 creatures vanquished.

Grand Total: 232 creatures vanquished

Notes
Turn   | Place    | Note
-------+----------+-------------------------------------------
     0 | D:1      | Oravi the Hill Orc Fighter began the quest for the Orb.
     0 | D:1      | Reached XP level 1. HP: 19/19 MP: 1/1
    28 | D:1      | Reached skill level 3 in Axes
   143 | D:1      | Reached XP level 2. HP: 26/26 MP: 2/2
   378 | D:1      | Reached skill level 4 in Axes
   824 | D:2      | Reached XP level 3. HP: 31/31 MP: 3/3
   995 | D:2      | Reached skill level 5 in Axes
  1136 | D:2      | Found a sparkling altar of Nemelex Xobeh.
  1542 | D:3      | Became a worshipper of Beogh the Brigand
  1545 | D:3      | Reached XP level 4. HP: 34/39 MP: 4/4
  2016 | D:3      | Found a stormy altar of Qazlal.
  2173 | D:4      | Reached skill level 6 in Axes
  2189 | D:4      | Noticed a phantom
  2337 | D:4      | Reached XP level 5. HP: 33/45 MP: 5/5
  2586 | D:4      | Reached XP level 6. HP: 40/51 MP: 6/6
  2715 | D:4      | Killed a phantom
  2811 | D:4      | Found a staircase to the Ecumenical Temple.
  2853 | D:4      | Reached skill level 7 in Axes
  2885 | D:4      | Noticed Grinder
  2927 | D:4      | Killed Grinder
  2927 | D:4      | Reached skill level 5 in Armour
  2927 | D:4      | Reached skill level 5 in Shields
  2927 | D:4      | Reached XP level 7. HP: 57/57 MP: 7/7
  3240 | D:4      | Got a crude ring mail
  3251 | D:4      | Identified the +1 ring mail of Infinity {Dex+4 Stlth+} (You found it on level 4 of the Dungeon)
  3350 | D:4      | Reached skill level 8 in Axes
  3539 | D:5      | Entered Level 5 of the Dungeon
  3593 | D:5      | Reached XP level 8. HP: 64/64 MP: 8/8
  3863 | D:5      | Reached * piety under Beogh
  4069 | D:5      | Found a glowing golden altar of the Shining One.
  4095 | D:5      | Found a glowing silver altar of Zin.
  4371 | D:5      | Found Gur Ciat's Magic Scroll Shoppe.
  4411 | D:5      | Reached skill level 9 in Axes
  4658 | D:6      | Found a glowing drain.
  4664 | Sewer    | Entered a sewer
  4887 | Sewer    | Reached ** piety under Beogh
  5025 | D:6      | Found Wiphoxt's General Store.
  5045 | D:6      | Found a white marble altar of Elyvilon.
  5126 | D:6      | Found the +8 frozen axe "Frostbite" {freezing cloud, *Noise +Fly rC+}
  5262 | D:6      | Found a shadowy altar of Dithmenos.
  5595 | D:7      | Found a shattered altar of Ashenzari.
  5600 | D:7      | Reached XP level 9. HP: 54/70 MP: 9/9
  5601 | D:7      | Found a snail-covered altar of Cheibriados.
  5714 | D:7      | Reached skill level 10 in Axes
  6598 | D:8      | Reached *** piety under Beogh
  7356 | D:8      | Reached skill level 11 in Axes
  7642 | D:8      | Found an ornate altar of the Wu Jian Council.
  8094 | D:9      | Reached XP level 10. HP: 69/77 MP: 10/10
  8219 | D:9      | Gained Brunolf as an ally
  8320 | D:9      | Reached skill level 12 in Axes
  8404 | D:9      | Found an iron altar of Okawaru.
  8582 | D:9      | Reached **** piety under Beogh
  8687 | D:10     | Entered Level 10 of the Dungeon
  8884 | D:10     | Noticed a white ugly thing
  8893 | D:10     | Killed a white ugly thing
  8911 | D:10     | HP: 3/77 [vampire (5)]
  8912 | D:10     | Killed from afar by a vampire

Skill      XL: |  1  2  3  4  5  6  7  8  9 10 |
---------------+-------------------------------+-----
Axes           | 3 4 5 6 7 8 9 11 12 | 12.8
Armour         | 4 5 7 8 9 |  9.3
Shields        | 4 5 7 8 9 |  9.3
Fighting       | |  3.6

Action                   |  1- 3 |  4- 6 |  7- 9 | 10-12 || total
-------------------------+-------+-------+-------+-------++-------
Melee: War axe           |   122 |   107 |   117 |       ||   346
       Hand axe          |       |       |   107 |       ||   107
       Executioner's axe |       |       |   134 |    46 ||   180
Invok: Convert to Beogh  |     1 |       |       |       ||     1
       Smiting           |       |       |       |     4 ||     4
       Recall Orcish Fol |       |       |       |     1 ||     1
Evoke: Wand              |       |     3 |     1 |       ||     4
  Use: Scroll            |       |       |     9 |    10 ||    19
       Potion            |       |       |       |     2 ||     2
 Stab: Sleeping          |       |       |     4 |       ||     4
  Eat: Chunk             |     2 |     3 |     5 |     3 ||    13
       Ration            |       |       |     4 |       ||     4
Armor: Scale mail        |    59 |    12 |       |       ||    71
       Chain mail        |       |    43 |    82 |    31 ||   156
       Ring mail         |       |       |    61 |       ||    61
Dodge: Dodged            |    37 |    37 |   117 |    25 ||   216
Block: Shield            |    68 |    19 |       |       ||    87
       Buckler           |       |    19 |    68 |       ||    87
